Map: Beckett Industries LE

Players

Ramirotrox

  • Race: Protoss Protoss
  • League: Diamond
  • Spawn Location: 1:00

ViBE - Winner!

  • Race: Protoss Protoss
  • League: Diamond
  • Spawn Location: 7:00

VOD

Have the link to the VOD?

Description

Time

  • Played on: April 11, 2021, 11:06 p.m.
  • Length: 12:46
Show
View Real Time Build Order
Export as new Build Order

Ramirotrox Protoss 

Build Orders:  

Get SALT Encoding   

  12  0:00  Probe  
  13  0:12  Probe  
  14  0:21  Pylon  
  14  0:25  Probe  
  15  0:39  Probe (Chrono Boost)  
  15  0:40  Gateway  
  17  0:51  Probe (Chrono Boost), Assimilator  
  17  0:56  Probe (Chrono Boost)  
  18  1:05  Probe  
  19  1:41  Probe  
  19  1:42  Zealot  
  19  1:46  Cybernetics Core  
  22  1:53  Probe  
  19  2:05  Probe (Chrono Boost)  
  19  2:08  Pylon  
  19  2:31  Stalker (Chrono Boost)  
  19  2:32  Probe  
  21  2:38  Warp Gate  
  21  2:53  Stalker  
  23  3:10  Shield Battery  
  21  3:18  Probe  
  20  3:30  Probe  
  20  3:42  Probe  
  20  3:43  Stalker (Chrono Boost)  
  23  3:49  Assimilator  
  23  3:54  Probe  
  23  4:06  Probe  
  24  4:18  Probe  
  24  4:19  Gateway  
  25  4:30  Probe  
  26  4:33  Stalker  
  28  4:42  Probe  
  29  4:54  Probe  
  30  5:06  Probe  
  31  5:09  Pylon  
  31  5:12  Pylon  
  31  5:18  Nexus  
  31  5:27  Probe  
  32  5:36  Gateway  
  32  5:39  Probe  
  33  5:45  Pylon  
  33  5:51  Probe  
  34  5:58  Twilight Council  
  34  6:03  Probe  
  35  6:11  Shield Battery  
  35  6:15  Probe, Shield Battery  
  36  6:28  Probe  
  36  6:31  Pylon  
  37  6:38  Robotics Facility  
  37  6:40  Probe  
  37  6:44  Stalker  
  40  6:51  Stalker  
  40  6:52  Probe  
  43  6:55  Stalker  
  45  7:16  Probe (Chrono Boost)  
  45  7:19  Stargate  
  45  7:21  Stargate, Probe (Chrono Boost)  
  47  7:23  Assimilator  
  47  7:25  Assimilator, Blink (Chrono Boost)  
  48  7:33  Probe (Chrono Boost)  
  48  7:34  Observer (Chrono Boost), Probe (Chrono Boost)  
  50  7:41  Forge  
  50  7:42  Probe  
  51  7:50  Gateway  
  51  8:09  Phoenix x2 (Chrono Boost)  
  55  8:19  Pylon, Stargate  
  55  8:20  Pylon  
  55  8:21  Probe x2  
  57  8:29  Shield Battery  
  57  8:34  Phoenix x2  
  57  8:41  Probe, Protoss Ground Weapons Level 1 (Chrono Boost)  
  62  8:50  Probe  
  63  9:01  Nexus  
  63  9:02  Pylon  
  63  9:03  Probe (Chrono Boost)  
  63  9:05  Phoenix  
  63  9:09  Probe (Chrono Boost)  
  68  9:21  Probe x2 (Chrono Boost)  
  69  9:28  Probe (Chrono Boost)  
  70  9:36  Phoenix x2  
  70  9:37  Phoenix  
  76  9:57  Pylon  
  76  9:59  Pylon  
  76  10:01  Phoenix x2 (Chrono Boost)  
  82  10:09  Phoenix (Chrono Boost), Stalker x2  
  82  10:12  Probe  
  82  10:13  Probe x2  
  89  10:16  Shield Battery  
  89  10:23  Observer  
  89  10:24  Probe  
  89  10:25  Probe x2, Phoenix (Chrono Boost)  
  96  10:32  Phoenix (Chrono Boost)  
  96  10:36  Probe  
  96  10:37  Probe x2  
  96  10:42  Assimilator  
  99  10:46  Assimilator  
  99  10:48  Probe  
  99  10:49  Probe  
  101  11:01  Phoenix (Chrono Boost)  
  107  11:09  Phoenix x2 (Chrono Boost)  
  107  11:12  Probe x3  
  110  11:24  Probe x3  
  113  11:27  Phoenix (Chrono Boost)  
  117  11:35  Phoenix (Chrono Boost)  
Show
View Real Time Build Order
Export as new Build Order

ViBE Protoss - Winner!

Build Orders: Cannon Rush 

Get SALT Encoding   

  12  0:00  Probe  
  13  0:12  Probe  
  14  0:18  Pylon  
  14  0:24  Probe  
  15  0:36  Probe  
  15  0:39  Forge  
  16  0:48  Probe  
  17  0:56  Pylon  
  17  1:06  Probe  
  18  1:15  Photon Cannon  
  18  1:17  Photon Cannon  
  17  1:25  Photon Cannon  
  17  1:32  Pylon  
  17  1:33  Pylon  
  17  1:41  Probe  
  18  1:55  Pylon  
  18  2:09  Probe  
  19  2:17  Photon Cannon  
  19  2:23  Gateway  
  19  2:24  Pylon  
  19  2:34  Nexus  
  19  2:37  Pylon  
  19  2:39  Probe  
  20  2:46  Photon Cannon  
  20  2:54  Photon Cannon  
  20  2:57  Probe  
  21  3:07  Photon Cannon  
  21  3:17  Gateway  
  21  3:20  Photon Cannon  
  21  3:22  Probe (Chrono Boost)  
  23  3:34  Probe (Chrono Boost)  
  23  3:40  Probe (Chrono Boost)  
  24  3:45  Assimilator  
  24  3:46  Probe (Chrono Boost)  
  24  3:47  Assimilator  
  25  3:49  Probe (Chrono Boost)  
  26  3:58  Probe (Chrono Boost)  
  26  4:01  Probe (Chrono Boost)  
  28  4:07  Probe (Chrono Boost)  
  28  4:08  Probe (Chrono Boost)  
  30  4:13  Probe, Cybernetics Core  
  30  4:15  Probe  
  32  4:25  Probe (Chrono Boost)  
  32  4:28  Probe (Chrono Boost)  
  34  4:37  Probe (Chrono Boost)  
  34  4:38  Pylon  
  36  4:39  Probe (Chrono Boost)  
  36  4:42  Pylon, Probe (Chrono Boost)  
  36  4:43  Probe (Chrono Boost)  
  38  4:51  Probe  
  39  4:53  Probe, Assimilator x2  
  40  5:03  Probe  
  40  5:05  Photon Cannon, Probe  
  42  5:07  Photon Cannon  
  42  5:08  Shield Battery  
  42  5:15  Stargate, Probe  
  42  5:21  Stargate  
  43  5:24  Probe  
  43  5:27  Probe  
  45  5:32  Pylon  
  45  5:37  Shield Battery  
  45  5:42  Nexus  
  45  5:44  Pylon  
  45  5:47  Pylon  
  45  5:51  Probe x2  
  47  5:59  Void Ray (Chrono Boost)  
  47  6:01  Void Ray (Chrono Boost)  
  47  6:03  Probe  
  47  6:04  Probe  
  57  6:15  Probe  
  57  6:16  Probe  
  59  6:23  Protoss Air Weapons Level 1  
  59  6:25  Pylon  
  59  6:28  Probe x2  
  59  6:31  Void Ray (Chrono Boost)  
  59  6:32  Pylon  
  65  6:33  Void Ray (Chrono Boost)  
  69  6:40  Probe x2  
  71  6:52  Probe x2  
  73  7:05  Void Ray (Chrono Boost), Assimilator  
  73  7:06  Probe, Assimilator  
  73  7:08  Void Ray (Chrono Boost)  
  82  7:13  Probe x2  
  84  7:18  Probe  
  84  7:21  Stargate  
  84  7:22  Pylon  
  85  7:25  Probe x2  
  85  7:26  Pylon  
  87  7:37  Probe  
  87  7:38  Probe  
  87  7:40  Probe  
  90  7:44  Nexus  
  90  7:45  Pylon, Void Ray  
  90  7:48  Pylon  
  90  7:51  Void Ray (Chrono Boost)  
  98  7:53  Probe x2  
  98  7:54  Probe  
  101  8:18  Void Ray (Chrono Boost)  
  101  8:19  Void Ray (Chrono Boost)  
  101  8:25  Void Ray (Chrono Boost)  
  101  8:26  Probe x3  
  116  8:38  Probe x3  
  119  8:48  Void Ray  
  123  8:49  Void Ray  
  123  8:50  Probe x3  
  123  8:52  Fleet Beacon  
  123  8:55  Stargate, Void Ray  
  134  9:01  Probe  
  134  9:02  Probe x2, Assimilator  
  138  9:03  Assimilator  
  138  9:14  Probe x2  
  139  9:25  Void Ray x3  
  139  9:28  Void Ray  
  139  9:37  Flux Vanes  
  155  9:48  Nexus  
  155  9:51  Pylon  
  155  9:54  Pylon, Probe x2, Protoss Air Weapons Level 2 (Chrono Boost)  
  157  10:04  Pylon  
  157  10:06  Robotics Facility  
  157  10:07  Pylon  
  157  10:10  Photon Cannon  
  157  10:12  Pylon  
  157  10:15  Pylon  
  157  10:16  Photon Cannon  
  157  10:18  Photon Cannon x2  
  157  10:20  Photon Cannon, Shield Battery  
  157  10:21  Pylon  
  157  10:23  Shield Battery  
  157  10:24  Photon Cannon  
  157  10:25  Photon Cannon  
  157  10:26  Shield Battery  
  157  10:31  Shield Battery  
  157  10:33  Photon Cannon, Void Ray x3 (Chrono Boost)  
  157  10:35  Photon Cannon  
  161  10:36  Void Ray (Chrono Boost)  
  161  10:37  Shield Battery  
  173  10:54  Observer  
  174  11:02  Void Ray  
  174  11:03  Void Ray x2  
  186  11:06  Void Ray  
  190  11:15  Observer  
  195  11:40  Void Ray x2  
Tags
 
Add a new tag
Caveats
  • Supply blocks, unpowered buildings, or Contaminate may cause inaccurate times.
  • Supply counts are checked every 10 seconds.